[Event "*** Titled Tuesday Blitz"]
[Site "Chess.com"]
[Date "2020.10.27"]
[Round "6"]
[White "Samantha_Ross"]
[Black "Yoshikrov"]
[Result "0-1"]
[WhiteElo "2305"]
[BlackElo "2144"]
[TimeControl "180+1"]
[EndTime "11:06:50 PDT"]
[Termination "Yoshikrov won by checkmate"]

1. e3 d5 2. Nf3 Nf6 3. c4 g6 4. b3 Bg7 5. Bb2 O-O 6. Be2 c5 7. cxd5 Nxd5 8. Bxg7 Kxg7 9. a3 Nc6 10. Qc2 Qb6 11.
d3 Bd7 12. O-O Rac8 13. Nbd2 Kg8 14. Rfc1 Na5 15. Nc4 Nxc4 16. bxc4 Nf6 17. Rcb1 Qc7 18. Qb2 b6 19. Ne5 Be6 20. a4 Nd7 21. Nxd7 Bxd7 22. a5 bxa5 23. Qb7 a4 24. h3 Bc6 25. Qa6 Rb8 26. Bd1 Rb6 27. Qa5 Rxb1 28. Qxc7 Rxa1 29. Qxc6 Rxd1+ 30. Kh2 a3 31. Qxc5 a2 32.
Qxa7 a1=Q 33. Qxe7 Qa8 34. d4 Qb8+ 35. g3 Re8 36.
Qf6 Qb1 37. g4 Rh1+ 38. Kg3 Qg1+ 39. Kh4 Rh2 40. Qc6 Qxf2+ 41. Kg5 Qxe3+ 42. Kf6 Re6+ 43. Qxe6 Qxe6+ 44. Kg5 Rxh3 45. d5 h6+ 46. Kf4 Qe3# 0-1

[Event "*** Titled Tuesday Blitz"]
[Site "Chess.com"]
[Date "2020.10.27"]
[Round "6"]
[White "canary2016"]
[Black "queen_iryna"]
[Result "0-1"]
[WhiteElo "1951"]
[BlackElo "2290"]
[TimeControl "180+1"]
[EndTime "11:06:51 PDT"]
[Termination "queen_iryna won by checkmate"]

1. d4 d6 2. c4 e5 3. dxe5 dxe5 4.
Qxd8+ Kxd8 5. Nc3 c6 6. Nf3 f6 7.
Bd2 Be6 8. e3 Nd7 9. O-O-O Kc7 10. Bd3 Ne7 11. Rhe1 Nc8 12. Ne4 Ncb6 13. b3 Be7 14.
Bc3 a5 15. c5 Nc8 16. Bc2 Nxc5 17. Nxc5 Bxc5 18. Nd2 a4 19. b4 Be7 20. a3 Nb6 21. Bd3 c5 22. bxc5 Bxc5 23. Kb2 Rhd8 24. Ne4 Be7 25. Bb5 Rxd1 26. Rxd1 Bc4 27. Bxc4 Nxc4+ 28. Ka2 Nxa3 29. Rc1 Kd7 30. Bb2 Nb5 31. Rd1+ Ke6 32. Nc3 Nxc3+ 33. Bxc3 b5 34. Rc1 b4 35. Bd2 Rd8 36. Rc6+ Kd5 37. Ra6 Kc4 38. Bc1 b3+ 39.
Kb2 a3+ 40. Kb1 Rd1 41. Rc6+ Kb5 42. Rc7 b2 43. Rb7+ Kc6 44. Rxe7 bxc1=Q+ 45. Ka2 Qb2# 0-1

[Event "*** Titled Tuesday Blitz"]
[Site "Chess.com"]
[Date "2020.10.27"]
[Round "6"]
[White "Chessdreamer2020"]
[Black "verdest"]
[Result "1/2-1/2"]
[WhiteElo "2475"]
[BlackElo "2618"]
[TimeControl "180+1"]
[EndTime "11:06:55 PDT"]
[Termination "Game drawn by repetition"]

1. e4 c5 2. Nf3 Nc6 3. Bb5 Nf6 4. e5 Ng4 5. Bxc6 dxc6 6. h3 Nh6 7. d3 Nf5 8. O-O g6 9. Re1 Bg7 10. Bf4 O-O 11. Nbd2 Nd4 12. Nc4 Be6 13. b3 Qd5 14.
Ng5 h6 15. Nxe6 Nxe6 16. Bg3 Rad8 17. a4 b6 18. Qd2 Nd4 19. Re4 f5 20. exf6 exf6 21.
Rae1 f5 22. Re7 Rf7 23. Rxf7 Qxf7 24. Be5 Kh7 25. Bxd4 Bxd4 26. Qf4 Kg7 27. Qg3 Bf6 28. Nd6 Qd7 29. Nc4 Re8 30. Rxe8 Qxe8 31. Qc7+ Kg8 32. g3 Bd4 33. Kg2 Qe2 34. Qd8+ Kg7 35. Qd7+ Kg8 36. Qd8+ Kg7 37. Qc7+ Kg8 38. Qd8+ 1/2-1/2

[Event "*** Titled Tuesday Blitz"]
[Site "Chess.com"]
[Date "2020.10.27"]
[Round "6"]
[White "ARTHURMOTIVATOR"]
[Black "GameOverBro"]
[Result "0-1"]
[WhiteElo "2366"]
[BlackElo "2522"]
[TimeControl "180+1"]
[EndTime "11:06:55 PDT"]
[Termination "GameOverBro won by resignation"]

1. e4 d6 2. d4 Nf6 3. Nc3 e5 4.
Nf3 Nbd7 5. Bc4 Be7 6. a4 c6 7. O-O h6 8. Re1 Qc7 9. h3 Nf8 10. b3 Ng6 11. Be3 O-O 12. Qd2 Kh7 13. Rad1 Nh5 14.
Ne2 b6 15. g4 Nf6 16. Ng3 a6 17. Bf1 b5 18. axb5 axb5 19. Bg2 c5 20. d5 Ra2 21. g5 hxg5 22. Nxg5+ Kg8 23. Ra1 Qa7 24. Rxa2 Qxa2 25. Nf5 Bxf5 26. exf5 Nh4 27. Ne4 Nxf5 28. Bg5 Nxe4 29. Bxe4 Bxg5 30. Qxg5 Nd4 31. Kh2 f5 32. Rg1 Qa7 33. Bh1 Nxc2 34. h4 Qf7 35. h5 Qf6 36. Qxf6 Rxf6 37. Rc1 Nd4 38. Ra1 Nxb3 39. Ra7 Rf7 40.
Ra8+ Rf8 41. Ra6 c4 42. Bf3 c3 43. Bd1 Nd4 44. Rxd6 c2 45. Bxc2 Nxc2 46. Rc6 Nd4 47. Rc7 Rd8 48. d6 Rxd6 49. Rc8+ Kh7 0-1

[Event "*** Titled Tuesday Blitz"]
[Site "Chess.com"]
[Date "2020.10.27"]
[Round "6"]
[White "katchesskat"]
[Black "gui_borba"]
[Result "0-1"]
[WhiteElo "2243"]
[BlackElo "2457"]
[TimeControl "180+1"]
[EndTime "11:06:55 PDT"]
[Termination "gui_borba won on time"]

1. c4 e5 2. e3 Nf6 3. a3 Nc6 4. b4 g6 5. Bb2 d6 6. b5 Ne7 7. h4 Bg7 8. Be2 h5 9. Qc2 O-O 10. d3 c6 11. a4 Nf5 12. Nf3 Re8 13. Nbd2 Ng4 14. bxc6 bxc6 15. Ng5 d5 16. Bxg4 hxg4 17. cxd5 cxd5 18. e4 Nd4 19. Bxd4 exd4 20. Qc6 Rb8 21.
O-O Bb7 22. Qc5 Qb6 23. Qxb6 axb6 24. exd5 Bxd5 25. Nge4 Rec8 26. g3 Rc2 27. Rfc1 Rbc8 28. Rxc2 Rxc2 29. Rd1 Ra2 30. Nd6 Rxa4 31. Nc8 Be6 32.
Nxb6 Rb4 33. Nbc4 Bh6 34. Ne5 Bd5 35. Nxg4 Bxd2 36. Nf6+ Kg7 37. Nxd5 Rb2 38. Kg2 f5 39. Kf3 Kf7 40. Ra1 Ke6 41. Nc7+ Kd6 42. Ne8+ Ke7 43.
Nc7 Kd7 44. Na6 Kc6 0-1

[Event "*** Titled Tuesday Blitz"]
[Site "Chess.com"]
[Date "2020.10.27"]
[Round "6"]
[White "bsnsun"]
[Black "TomiLen"]
[Result "0-1"]
[WhiteElo "2451"]
[BlackElo "2644"]
[TimeControl "180+1"]
[EndTime "11:06:56 PDT"]
[Termination "TomiLen won by checkmate"]

1. Nf3 Nf6 2. d4 d5 3. c4 c6 4. g3 Bg4 5. Ne5 Bf5 6. Qb3 Qb6 7. cxd5 cxd5 8. Qxb6 axb6 9. Nc3 Nc6 10. e4 dxe4 11. Bb5 Bd7 12. Nxd7 Nxd7 13. Bxc6 bxc6 14. Nxe4 Nf6 15. Nxf6+ gxf6 16. Be3 e6 17. Ke2 Kd7 18. Rhc1 Bd6 19. a3 h5 20. Rc2 Ra5 21. Rac1 Rc8 22. Rc4 Rd5 23. R4c2 b5 24. Rc3 f5 25. R3c2 f6 26. Rc3 e5 27. dxe5 fxe5 28. Rd3 Rxd3 29. Kxd3 c5 30. Ke2 c4 31. Rd1 Ke6 32. f3 Rh8 33.
Bf2 Rc8 34. Rd2 Rc7 35. Rc2 Rc6 36. Rc1 Be7 37. Rc2 Rc8 38. Rc1 Bc5 39. Bxc5 Rxc5 40. Rd1 Rc8 41. Rc1 h4 42. gxh4 Rh8 43. a4 Rxh4 44.
axb5 Rxh2+ 45. Ke3 f4+ 46. Ke4 Re2# 0-1

[Event "*** Titled Tuesday Blitz"]
[Site "Chess.com"]
[Date "2020.10.27"]
[Round "6"]
[White "Paladin61"]
[Black "mapleaff"]
[Result "1-0"]
[WhiteElo "2604"]
[BlackElo "2399"]
[TimeControl "180+1"]
[EndTime "11:06:56 PDT"]
[Termination "Paladin61 won by checkmate"]

1. b3 e6 2. Bb2 Nf6 3. g3 h5 4. Nf3 Be7 5. Bg2 b6 6. Ne5 c6 7. h3 Bb7 8. d4 Qc8 9. c4 Qc7 10. Nc3 a6 11. O-O d6 12. Nd3 Nbd7 13. e4 c5 14. d5 exd5 15. exd5 O-O-O 16. Qd2 Nf8 17. Rfe1 Ng6 18. a4 Rde8 19. a5 Bd8 20. axb6 Qxb6 21.
Na4 Rxe1+ 22. Rxe1 Qxb3 23. Naxc5 dxc5 24. Nxc5 Qb6 25. Bd4 Qa5 26. Qd1 h4 27. g4 Nf4 28.
Bf1 Bb6 29. Nxb7 Kxb7 30. Qb3 Ka7 31. Ra1 Qxa1 32. Qxb6+ Ka8 33. Qa7# 1-0

[Event "*** Titled Tuesday Blitz"]
[Site "Chess.com"]
[Date "2020.10.27"]
[Round "6"]
[White "exoticprincess"]
[Black "AnishOnYoutube"]
[Result "1-0"]
[WhiteElo "2873"]
[BlackElo "2973"]
[TimeControl "180+1"]
[EndTime "11:06:57 PDT"]
[Termination "exoticprincess won on time"]

1. d4 d5 2. c4 c6 3. Nf3 Nf6 4.
cxd5 cxd5 5. Nc3 Nc6 6. Bf4 Bf5 7. e3 e6 8. Bb5 Nd7 9. O-O Be7 10. Rc1 O-O 11.
Qe2 Rc8 12. h3 a6 13. Bd3 Bxd3 14. Qxd3 b5 15. Qb1 Nb6 16. Ne2 Qd7 17. Ne1 Nc4 18. Rd1 Bb4 19. Nf3 Bd6 20. Bxd6 Qxd6 21. Nc1 Nb8 22. Nd3 Nd7 23. Rc1 h6 24. Rc2 Rc7 25.
Rfc1 Rfc8 26. b3 Na5 27. Nfe5 Nxe5 28. dxe5 Qb6 29. Qb2 Nb7 30. Kf1 a5 31. Ke2 b4 32. Rxc7 Rxc7 33. Qd4 Qxd4 34. exd4 Rxc1 35. Nxc1 Kf8 36. Nd3 Ke7 37. g4 g6 38. f4 Kd7 39.
Ke3 Kc6 40. h4 Kb5 41. h5 gxh5 42. gxh5 a4 43. Nf2 axb3 44. axb3 Na5 45. Ng4 Nxb3 46. Nxh6 Nxd4 47. Kxd4 Ka4 48. Ng4 b3 49. Ne3 1-0

[Event "*** Titled Tuesday Blitz"]
[Site "Chess.com"]
[Date "2020.10.27"]
[Round "6"]
[White "Qvalda"]
[Black "totoro9"]
[Result "1-0"]
[WhiteElo "2384"]
[BlackElo "2261"]
[TimeControl "180+1"]
[EndTime "11:06:57 PDT"]
[Termination "Qvalda won on time"]

1. e4 c5 2. Nf3 d6 3. b4 cxb4 4. d4 Nf6 5. Bd3 Nc6 6. O-O Bg4 7. d5 Ne5 8. Nxe5 dxe5 9. f3 Bd7 10. Bb2 Qc7 11. Nd2 e6 12. Nc4 Bc5+ 13. Kh1 Bd4 14. Bxd4 exd4 15. d6 Qc5 16. e5 Nd5 17. Qe2 Ne3 18.
Nxe3 dxe3 19. f4 f6 20. Qh5+ Kf8 21. Rae1 Bc6 22. Qh3 f5 23. Rxe3 h5 24. Qh4 Qxe3 25. Qe7+ Kg8 26. Qxe6+ Kf8 27. Qxf5+ Ke8 28. Qe6+ Kf8 29.
Bc4 Bxg2+ 30. Kxg2 Qe4+ 31. Rf3 Qxc2+ 32. Kh3 1-0

[Event "*** Titled Tuesday Blitz"]
[Site "Chess.com"]
[Date "2020.10.27"]
[Round "6"]
[White "Andreikka"]
[Black "chessdjw"]
[Result "1-0"]
[WhiteElo "2911"]
[BlackElo "2643"]
[TimeControl "180+1"]
[EndTime "11:06:58 PDT"]
[Termination "Andreikka won by resignation"]

1. e4 c5 2. Nf3 d6 3. d4 cxd4 4. Nxd4 Nf6 5. Nc3 a6 6. Nb3 e6 7.
g4 b5 8. g5 b4 9. Nd5 Nxd5 10.
exd5 e5 11. a3 Be7 12. h4 bxa3 13. Rxa3 Bf5 14. Be3 Qc7 15. Bd3 Bxd3 16. Qxd3 a5 17. Qb5+ Nd7 18. Qc6 Rc8 19. Qxc7 Rxc7 20. c3 Rb7 21.
Bc1 a4 22. Na5 Rb5 23. Nc6 Nb6 24. c4 Nxc4 25. Rxa4 Nb6 26. Ra7 Bd8 27. Nxd8 Kxd8 28. Be3 Rxb2 29. O-O Kc8 30. Rxf7 Nxd5 31. Ba7 Nf4 32.
Rc1+ Kd8 33. Kh2 Ne2 34. Rc6 Nd4 35. Rxd6+ Ke8 36. Rxg7 Rxf2+ 37. Kg3 Rf3+ 38. Kg4 Rhf8 39. Bxd4 R3f4+ 40. Kh5 exd4 41. Rxh7 Re4 42. Kg6 Rg8+ 43. Kf5 Re7 44. Rxe7+ Kxe7 45. Rxd4 Rf8+ 46. Kg6 Rg8+ 47.
Kh7 Ra8 48. Re4+ Kf7 49. Rf4+ 1-0

[Event "*** Titled Tuesday Blitz"]
[Site "Chess.com"]
[Date "2020.10.27"]
[Round "6"]
[White "topotun"]
[Black "chenxiaoyuer"]
[Result "1-0"]
[WhiteElo "2761"]
[BlackElo "2511"]
[TimeControl "180+1"]
[EndTime "11:06:58 PDT"]
[Termination "topotun won by checkmate"]

1. e4 c5 2. Nf3 d6 3. d4 cxd4 4. Nxd4 Nf6 5. f3 e5 6. Nb3 d5 7. Bg5 Be6 8. Bxf6 gxf6 9. exd5 Qxd5 10. Qxd5 Bxd5 11. Nc3 Be6 12. O-O-O Nc6 13. Bb5 Rc8 14. Na5 a6 15. Bxc6+ bxc6 16. Ne4 f5 17. Nd6+ Bxd6 18. Rxd6 Bd5 19. Re1 Ke7 20. Rh6 f6 21. c4 Bf7 22. f4 e4 23. Nb3 Bxc4 24. Nd4 Be6 25. g4 c5 26. Nxf5+ Bxf5 27. gxf5 Kf7 28. Rxe4 Kg7 29.
Rh3 Rhe8 30. Rhe3 Rxe4 31. Rxe4 Rg8 32. Re7+ Kf8 33. Rxh7 Rg1+ 34. Kc2 Rg2+ 35. Kc3 Rf2 36. Rc7 Rf3+ 37. Kc2 Rf2+ 38. Kb3 Rxf4 39. Rxc5 Rf2 40. Rc6 Rxh2 41. Rxf6+ Ke7 42. Rxa6 Kd7 43. Ra4 Rf2 44. Ra5 Kc6 45. Ka3 Kb6 46. b4 Rf3+ 47. Ka4 Rf2 48.
a3 Rf3 49. Rb5+ Ka6 50. Rc5 Rd3 51. Re5 Rf3 52. Re6+ Ka7 53. f6 Rf4 54. Ka5 Rf5+ 55. b5 Kb7 56. a4 Rf4 57. Re7+ Kc8 58. f7 Kd8 59. Re8+ Kc7 60. f8=Q Rxf8 61. Rxf8 Kb7 62. Rf7+ Kb8 63. Kb6 Ka8 64. Rf8# 1-0

[Event "*** Titled Tuesday Blitz"]
[Site "Chess.com"]
[Date "2020.10.27"]
[Round "6"]
[White "LastHeroJr"]
[Black "KaterynaLagno"]
[Result "0-1"]
[WhiteElo "2385"]
[BlackElo "2676"]
[TimeControl "180+1"]
[EndTime "11:06:58 PDT"]
[Termination "KaterynaLagno won on time"]

1. e4 e5 2. Nf3 Nc6 3. Bc4 Nf6 4. d3 Be7 5. O-O O-O 6. Re1 d6 7. a4 Kh8 8. c3 Ng8 9. d4 f5 10. dxe5 fxe4 11. Rxe4 Rxf3 12. gxf3 Nxe5 13. Be2 Bf5 14. Rb4 Qe8 15. Bf4 Qg6+ 16. Bg3 h5 17. Kh1 b6 18. a5 Rf8 19. axb6 axb6 20. Nd2 Nf6 21. Qg1 Nd3 22. Bxd3 Bxd3 23. Re1 Qf7 24. Bh4 Ba6 25. Rf4 Bb7 26. Ne4 Qd5 27. Nxf6 Bxf6 28. Bxf6 Qxf3+ 29.
Rxf3 Bxf3+ 30. Qg2 Bxg2+ 31. Kxg2 Rxf6 32. Re7 c6 33. Rc7 d5 34. Rb7 b5 35. Rc7 Kh7 36. f3 Kh6 37.
Kg3 g5 0-1

[Event "*** Titled Tuesday Blitz"]
[Site "Chess.com"]
[Date "2020.10.27"]
[Round "6"]
[White "Infernal_XaM"]
[Black "Lion-Al-Messi"]
[Result "1-0"]
[WhiteElo "2842"]
[BlackElo "2521"]
[TimeControl "180+1"]
[EndTime "11:07:00 PDT"]
[Termination "Infernal_XaM won by resignation"]

1. Nf3 b6 2. e4 Bb7 3. Nc3 e6 4. d4 Bb4 5. Bd3 Nf6 6. e5 Ne4 7. Bd2 Nxd2 8. Qxd2 Nc6 9. O-O Be7 10. Be4 d5 11. exd6 cxd6 12. d5 exd5 13. Nxd5 O-O 14.
Rfe1 Qd7 15. Nxe7+ Nxe7 16. Bxb7 Qxb7 17. Qxd6 Ng6 18.
Rad1 Rac8 19. c3 h6 20. h4 Rc6 21. Qd5 Qc7 22. Qd7 Nf4 23. Qxc7 Rxc7 24. Nd4 a6 25. g3 Ng6 26. Nf5 h5 27. Rd6 Rb8 28. Kg2 a5 29. Nd4 b5 30. Rd5 b4 31.
Nb5 Rcb7 32. c4 a4 33. Rxh5 Rd7 34. b3 Rd2 35. bxa4 Rxa2 36. Rb1 Rxa4 37. Rf5 Rc8 38. Rxf7 Rxc4 39. Rf5 Ra2 40. Re1 Rxh4 41. Re6 Rh6 42. Nd4 Rd2 43. Re8+ Kh7 44. Nf3 Ne7 45. Rxe7 Rb2 46.
Ng5+ Kg6 47. g4 Rxf2+ 48. Kxf2 Rh2+ 49. Kg3 Re2 50. Rxe2 1-0

[Event "*** Titled Tuesday Blitz"]
[Site "Chess.com"]
[Date "2020.10.27"]
[Round "6"]
[White "zivicd"]
[Black "jamalm2"]
[Result "1-0"]
[WhiteElo "2280"]
[BlackElo "1938"]
[TimeControl "180+1"]
[EndTime "11:07:01 PDT"]
[Termination "zivicd won on time"]

1. e4 c5 2. Nc3 e6 3. g3 a6 4. a4 d5 5. Bg2 d4 6. Nce2 d3 7. cxd3 Qxd3 8. Nc3 Nc6 9. Bf1 Qd8 10. Nf3 Nf6 11.
d3 Be7 12. Be2 O-O 13. O-O Nd4 14. Nxd4 cxd4 15. Nb1 e5 16. f4 Bh3 17. Re1 exf4 18.
Bxf4 Qd7 19. Nd2 Ng4 20. Nc4 Bc5 21. Rc1 Ba7 22. Qb3 Ne3 23. Nb6 Bxb6 24. Qxb6 Ng2 25. Rf1 Nxf4 26. Rxf4 Rac8 27. Re1 Rc2 28. Rf2 Rfc8 29.
Bh5 Rxf2 30. Kxf2 Rc2+ 31. Re2 Rxe2+ 32. Kxe2 Bg4+ 33. Bxg4 Qxg4+ 34. Kf2 h5 35. Qxd4 h4 36. Qd8+ Kh7 37. Qxh4+ Qxh4 38. gxh4 f6 39. d4 Kg6 40. a5 1-0

[Event "*** Titled Tuesday Blitz"]
[Site "Chess.com"]
[Date "2020.10.27"]
[Round "6"]
[White "AndrewMaco"]
[Black "Grandmaster2B"]
[Result "1-0"]
[WhiteElo "2661"]
[BlackElo "2482"]
[TimeControl "180+1"]
[EndTime "11:07:03 PDT"]
[Termination "AndrewMaco won by resignation"]

1. e4 c5 2. Nf3 d6 3. d4 cxd4 4. Nxd4 Nf6 5. Nc3 a6 6. f3 e5 7.
Nb3 Be6 8. Be3 h5 9. Nd5 Bxd5 10.
exd5 Nbd7 11. Qd2 Rc8 12. Be2 g6 13. O-O Bg7 14. Na5 Rxc2 15. Qxc2 Qxa5 16. Qc8+ Ke7 17.
Qxb7 Nxd5 18. Bf2 Rb8 19. Qxa6 Qxa6 20. Bxa6 Rxb2 21. a4 f5 22. a5 e4 23. fxe4 fxe4 24. Rfe1 Kd8 25. Bf1 e3 26. Bh4+ Kc7 27. a6 Kb8 28. Rab1 Rxb1 29. Rxb1+ Ka8 30. Rb7 Bd4 31. Be2 Nc5 32. Rf7 Nc3 33. Kf1 N5e4 34. Bf3 g5 35. Be1 d5 36. Bxc3 Nxc3 37. Bxh5 Bc5 38. Bf3 Kb8 39. g3 d4 40. Rb7+ Kc8 41. a7 Bxa7 42.
Rxa7 d3 43. Ra3 e2+ 44. Kf2 e1=Q+ 45. Kxe1 d2+ 46. Kxd2 Nb1+ 47. Kc1 Nxa3 48. Be2 g4 49. Kb2 1-0

[Event "*** Titled Tuesday Blitz"]
[Site "Chess.com"]
[Date "2020.10.27"]
[Round "6"]
[White "SanchezKelvin"]
[Black "midedu"]
[Result "0-1"]
[WhiteElo "2384"]
[BlackElo "2027"]
[TimeControl "180+1"]
[EndTime "11:07:03 PDT"]
[Termination "midedu won on time"]

1. e4 c5 2. Nf3 Nc6 3. d4 cxd4 4. Nxd4 Nf6 5. Nc3 Qb6 6. Nb3 e6 7. Be3 Qc7 8. a3 a6 9. f4 d6 10. g4 b5 11. g5 Nd7 12. Qd2 Rb8 13. Nd4 b4 14. axb4 Rxb4 15. Nxc6 Qxc6 16. b3 Rxe4 17. Nxe4 Qxe4 18. Bg2 Qf5 19. Qc3 Nc5 20. b4 Qg4 21. O-O Bb7 22. Qd2 Ne4 23. Qd1 Qf5 24. Qf3 Qb5 25.
c4 Qxc4 26. Rfc1 Qb5 27. Bf1 Qd7 28. b5 Be7 29. bxa6 Ba8 30. Bb5 Qxb5 31. Rc8+ Kd7 32. Rxh8 Bd5 33. a7 Nxg5 34. Qf1 Nf3+ 35. Kf2 Qb2+ 0-1

[Event "*** Titled Tuesday Blitz"]
[Site "Chess.com"]
[Date "2020.10.27"]
[Round "6"]
[White "PawnEatingZombie"]
[Black "Sueetin"]
[Result "1-0"]
[WhiteElo "2184"]
[BlackElo "2315"]
[TimeControl "180+1"]
[EndTime "11:07:03 PDT"]
[Termination "PawnEatingZombie won on time"]

1. d4 Nf6 2. c4 e6 3. Nc3 Bb4 4. Qc2 O-O 5. e4 d5 6. e5 Ne4 7.
Bd3 c5 8. Nf3 cxd4 9. Nxd4 Qh4 10. Nf3 Qg4 11. O-O Bxc3 12. bxc3 Nc6 13. h3 Qh5 14.
Bxe4 dxe4 15. Qxe4 Qf5 16. Qxf5 exf5 17. Ba3 Rd8 18. Bd6 Be6 19. c5 b6 20. Nd4 Rdc8 21.
Nxe6 fxe6 22. cxb6 axb6 23. a3 Na5 24. Bb4 Nc4 25.
f4 Rd8 26. Rfd1 Ne3 27. Rd6 Nd5 28. Rd1 Rdc8 29. Rxe6 Nxf4 30. Rxb6 Ne2+ 31. Kf2 Nxc3 32. Bxc3 Rxc3 33. Rd7 Rcxa3 34. Rbb7 Rc8 35. Rxg7+ Kf8 36. Rbf7+ Ke8 37. e6 Rc2+ 38. Kg1 Ra1+ 39. Kh2 1-0

[Event "*** Titled Tuesday Blitz"]
[Site "Chess.com"]
[Date "2020.10.27"]
[Round "6"]
[White "Azerichess"]
[Black "Fighter008"]
[Result "1-0"]
[WhiteElo "2983"]
[BlackElo "2685"]
[TimeControl "180+1"]
[EndTime "11:07:04 PDT"]
[Termination "Azerichess won by resignation"]

1. e4 c5 2. Nc3 a6 3. Nf3 d6 4. g3 Nf6 5. Bg2 g6 6. O-O Bg7 7. e5 dxe5 8. Nxe5 O-O 9. d3 Nbd7 10. Nc4 Nb6 11. Qe2 Bg4 12. Qe3 Nxc4 13. dxc4 Qc7 14. h3 Be6 15. Nd5 Nxd5 16. cxd5 Bf5 17. c3 h5 18. Qe2 Rfe8 19. Rd1 Qd7 20. Kh2 e5 21. dxe6 Qxe6 22. Qxe6 Rxe6 23. Be3 Rb6 24. Rd2 Rc8 25. Rad1 Bf6 26. Rd6 Rxd6 27. Rxd6 Be7 28. Rb6 Be6 29. Rxb7 Bf8 30. a4 h4 31. gxh4 Rd8 32.
Bf4 Kh7 33. Rb8 Rxb8 34. Bxb8 Be7 35. Kg3 Bb3 36. Bc6 f5 37. Bf4 Kg7 38. Bg5 Bd6+ 39. Kf3 Kf7 40. Ke3 Ke6 41. Be8 c4 42. Bxg6 Bc5+ 43. Ke2 Bxa4 44. h5 Bc2 45. h6 Bf8 46. h7 Bg7 47. Be3 Bd3+ 48. Ke1 Kf6 49. Bh5 Ke7 50.
Bd4 1-0

[Event "*** Titled Tuesday Blitz"]
[Site "Chess.com"]
[Date "2020.10.27"]
[Round "6"]
[White "dopolian"]
[Black "Margarita2907"]
[Result "1-0"]
[WhiteElo "2431"]
[BlackElo "2199"]
[TimeControl "180+1"]
[EndTime "11:07:04 PDT"]
[Termination "dopolian won by resignation"]

1. Nf3 Nf6 2. c4 c5 3. b3 d5 4. cxd5 Nxd5 5. Bb2 Nc6 6. g3 Qc7 7. Bg2 e5 8. O-O Bd6 9. d3 O-O 10. Nbd2 h6 11. Rc1 b6 12. Nc4 Bb7 13. Nxd6 Qxd6 14.
Nd2 Nf6 15. a3 Rfe8 16. Nc4 Qc7 17. Qc2 Nd4 18. Bxd4 Bxg2 19. Bxe5 Rxe5 20. Kxg2 Re7 21. e4 Rd8 22. Ne3 Red7 23. Rfd1 Rd4 24. Nf5 R4d7 25.
b4 Qe5 26. bxc5 bxc5 27. Qxc5 Qxc5 28. Rxc5 Rxd3 29. Rxd3 Rxd3 30. e5 Ne4 31. Rc4 Nc3 32. Rc8+ Kh7 33. Rc7 Nb5 34. Rxf7 Kg6 35. e6 Rxa3 36. Nxg7 Nd6 37. Rd7 Ra6 38. Rxd6 Rxd6 39. e7 Kxg7 40. e8=Q Rf6 41. Qe7+ Rf7 42. Qe5+ Kg8 43. h4 a6 44. Qb8+ Kg7 45. Qb2+ Rf6 46. h5 a5 47. Qb7+ Rf7 48. Qb6 Rf5 49. Qg6+ 1-0

[Event "*** Titled Tuesday Blitz"]
[Site "Chess.com"]
[Date "2020.10.27"]
[Round "6"]
[White "Sergey85Rodchenkov"]
[Black "PotapovaM"]
[Result "0-1"]
[WhiteElo "2445"]
[BlackElo "2582"]
[TimeControl "180+1"]
[EndTime "11:07:05 PDT"]
[Termination "PotapovaM won by resignation"]

1. e4 c5 2. Nf3 d6 3. d4 cxd4 4.
Nxd4 Nf6 5. Nc3 a6 6. Bc4 e6 7. Bb3 b5 8. O-O Be7 9. f4 Bb7 10. Be3 O-O 11. e5 dxe5 12. fxe5 Nd5 13. Nxd5 Bxd5 14.
Bxd5 Qxd5 15. Nf5 Qb7 16. Nxg7 Kxg7 17. Qh5 Nd7 18. Rf3 Qe4 19. Raf1 Nxe5 20. Rg3+ Ng6 21. Qh6+ Kh8 22. Rh3 Ne5 23. Bf4 Nc4 24. Bg5 Bxg5 25. Qxg5 Rg8 26. Qf6+ Rg7 27. g3 Qe3+ 28. Rf2 Qe1+ 29.
Rf1 Qe3+ 30. Rf2 Nd2 31. Rh4 Ne4 32. Rg4 Qxf2+ 33. Qxf2 Nxf2 0-1

[Event "*** Titled Tuesday Blitz"]
[Site "Chess.com"]
[Date "2020.10.27"]
[Round "6"]
[White "ChessAurochs"]
[Black "MashaFromRussia"]
[Result "1-0"]
[WhiteElo "2545"]
[BlackElo "2378"]
[TimeControl "180+1"]
[EndTime "11:07:05 PDT"]
[Termination "ChessAurochs won by resignation"]

1. e4 c5 2. Nf3 Nc6 3. Bb5 d6 4.
O-O Bd7 5. c3 Nf6 6. Re1 a6 7.
Ba4 b5 8. Bc2 e5 9. h3 Be7 10. d4 cxd4 11. cxd4 O-O 12. a3 Rc8 13. Nc3 exd4 14. Nxd4 Ne5 15. Nf5 Be6 16. Bg5 Re8 17. Nxe7+ Qxe7 18. Nd5 Bxd5 19. exd5 h6 20. Bh4 Qc7 21.
Bf5 Nfd7 22. Qd2 Nc4 23. Qd4 Rb8 24. Bg3 Nc5 25. Rad1 a5 26. b4 axb4 27. axb4 Na6 28.
Re4 Rxe4 29. Bxe4 Nxb4 30. Re1 Na6 31. Bb1 b4 32. Re4 Ne5 33. Bxe5 dxe5 34. Qd3 g6 35.
Qxa6 Qc1+ 36. Qf1 Qxb1 37. Qxb1 1-0

[Event "*** Titled Tuesday Blitz"]
[Site "Chess.com"]
[Date "2020.10.27"]
[Round "6"]
[White "PavelShkapenko"]
[Black "eljanov"]
[Result "1/2-1/2"]
[WhiteElo "2643"]
[BlackElo "2862"]
[TimeControl "180+1"]
[EndTime "11:07:06 PDT"]
[Termination "Game drawn by agreement"]

1. e4 e5 2. Nf3 Nc6 3. Bc4 Bc5 4. c3 Nf6 5. d4 exd4 6. cxd4 Bb4+ 7. Bd2 Nxe4 8. Bxb4 Nxb4 9. Bxf7+ Kxf7 10. Qb3+ Kf8 11. Qxb4+ Qe7 12. Qxe7+ Kxe7 13. O-O Kf6 14. Re1 d5 15.
Nbd2 Nxd2 16. Nxd2 Bg4 17. f3 Bf5 18. Kf2 Rhe8 19.
Rxe8 Rxe8 20. Re1 Rxe1 21. Kxe1 a5 22. Kf2 b6 23. Ke3 Bc2 24. g3 c5 25. f4 c4 26. Nf3 Ke6 27. Ne5 Kd6 28. Kd2 Be4 29.
a3 b5 30. Kc3 h6 31. g4 Bg2 32. Nf7+ Ke6 33. Ne5 Bh3 34. b4 a4 35. Kd2 Kf6 36. Ke3 h5 37. gxh5 Bf5 38. Nf3 Bd7 39. Nh4 Be8 40.
h6 gxh6 41. Kd2 Bd7 42. Ke3 Bf5 43. Kd2 Be4 44. Kc3 Kg7 45. Kd2 Kf7 46. Kc3 Kf6 47. Kd2 Kf7 1/2-1/2

[Event "*** Titled Tuesday Blitz"]
[Site "Chess.com"]
[Date "2020.10.27"]
[Round "6"]
[White "Mimsychess"]
[Black "elohunter1999"]
[Result "1-0"]
[WhiteElo "2339"]
[BlackElo "2496"]
[TimeControl "180+1"]
[EndTime "11:07:06 PDT"]
[Termination "Mimsychess won by checkmate"]

1. Nf3 d5 2. d4 Nf6 3. c4 c6 4.
g3 Bg4 5. Ne5 Bf5 6. Bg2 Nbd7 7.
Nc3 e6 8. Nxd7 Nxd7 9. O-O Be7 10. e4 dxe4 11. Nxe4 O-O 12. Bf4 Nf6 13. Nc3 Qb6 14.
Qb3 Qa6 15. d5 Bd3 16. dxe6 Bxc4 17. exf7+ Rxf7 18. Qc2 Bxf1 19. Bxf1 b5 20. a4 Rd8 21. Re1 Bd6 22. axb5 cxb5 23. Bxd6 Qxd6 24. Nxb5 Qb6 25. Bc4 Nd5 26. Nc3 Nxc3 27. Bxf7+ Kxf7 28. Qxc3 Kg8 29. Re7 Qg6 30. Qc4+ Kh8 31. Qc7 Rd1+ 32. Kg2 h6 33.
Qxa7 Qc6+ 34. Kh3 Qc8+ 35. Kg2 Qc6+ 36. Kh3 Qf6 37. Qa8+ Kh7 38. Qe4+ Kg8 39. Re8+ Kf7 40. Rc8 Rd7 41. Qe8# 1-0

[Event "*** Titled Tuesday Blitz"]
[Site "Chess.com"]
[Date "2020.10.27"]
[Round "6"]
[White "Gordima"]
[Black "Flawless_Fighter"]
[Result "1-0"]
[WhiteElo "2811"]
[BlackElo "2607"]
[TimeControl "180+1"]
[EndTime "11:07:07 PDT"]
[Termination "Gordima won by checkmate"]

1. d4 Nf6 2. c4 e6 3. Nc3 Bb4 4. e3 O-O 5. Bd3 d5 6. Nf3 c5 7.
O-O dxc4 8. Bxc4 cxd4 9. exd4 b6 10. Bg5 Bb7 11. Rc1 Nbd7 12. Qe2 Rc8 13. Bd3 h6 14. Bh4 Be7 15. Bb1 Re8 16. Rfd1 Nd5 17. Bg3 Nxc3 18. bxc3 Ba3 19. Rc2 b5 20. Qxb5 Bxf3 21. gxf3 Nb6 22. c4 Qf6 23. c5 Nd5 24. Qd3 Bb4 25. Rb2 g6 26. Be5 Qh4 27. Kh1 Qh5 28. Bd6 Red8 29. a3 Ba5 30. Bg3 Bc7 31. Rb7 Bf4 32. Re1 e5 33.
dxe5 Bxg3 34. fxg3 Rxc5 35. e6 fxe6 36. Rxe6 Rc1+ 37.
Kg2 Nf4+ 38. gxf4 Rxd3 39. Re8# 1-0